 Dungeon Crawl Stone Soup version 0.21-a0-442-g848f44b (webtiles) character file.

11 Lazav66 the Shield-Bearer (level 2, -1/21 HPs)
             Began as an Octopode Fighter on Nov 15, 2017.
             Slain by a goblin
             ... wielding a cursed -2 dagger
              (3 damage)
             ... on level 1 of the Dungeon.
             The game lasted 00:01:24 (239 turns).

Lazav66 the Shield-Bearer (Octopode Fighter)         Turns: 239, Time: 00:01:24

Health: -1/21      AC:  1    Str: 15    XL:     2   Next: 25%
Magic:  2/2        EV: 11    Int: 10    God:
Gold:   0          SH:  8    Dex: 11    Spells: 1/1 levels left

rFire    . . .     SeeInvis .   a - +0 long sword
rCold    . . .     Gourm    .   b - +0 shield
rNeg     . . .     Faith    .   (helmet restricted)
rPois    .         Spirit   .   (no amulet)
rElec    .         Reflect  .   (no ring)
rCorr    .         Harm     .   (no ring)
MR       .....                  (no ring)
Stlth    ++........             (no ring)
HPRegen  0.07/turn              (no ring)
MPRegen  0.08/turn              (no ring)
                                (no ring)
                                (no ring)

@: no status effects
A: almost no armour, stealthy swim, amphibious, 8 rings, constrict 8, camouflage
1, gelatinous body 1
a: no special abilities


You were on level 1 of the Dungeon.
You were not hungry.

You visited 1 branch of the dungeon, and saw 1 of its levels.

Inventory:

Hand Weapons
 a - a +0 long sword (weapon)
Armour
 b - a +0 shield (worn)
Scrolls
 g - a scroll of remove curse {unknown}
Potions
 c - a potion of might
 e - a potion of lignification {unknown}
 f - a potion of brilliance {unknown}
Comestibles
 d - a bread ration
 h - 8 chunks of flesh


   Skills:
 + Level 3.1 Fighting
 * Level 2.2 Long Blades
 + Level 3.1 Dodging
 + Level 3.1 Shields


You had one spell level left.
You didn't know any spells.

Dungeon Overview and Level Annotations

Branches:
Dungeon (1/15)

Altars:


Innate Abilities, Weirdness & Mutations

You cannot wear most types of armour.
You are very stealthy in the water. (Stealth+)
You are amphibious.
You can wear up to eight rings at the same time.
You can use your tentacles to constrict eight enemies at once.
Your skin changes colour to match your surroundings (Stealth+).
Your rubbery body absorbs attacks. (AC +1, EV +1)


Message History

You kill the jackal!
The hobgoblin throws a tomahawk.
The tomahawk hits you. The rat bites you.
You are too injured to fight recklessly!
You are too injured to fight recklessly!
You are too injured to fight recklessly!
You barely miss the rat. You grab the rat. You constrict the rat.
You block the rat's attack. The rat bites you.
* * * LOW HITPOINT WARNING * * *
A hobgoblin comes into view.
You slash the rat!
You kill the rat!
The hobgoblin throws a tomahawk.
The tomahawk hits you.
* * * LOW HITPOINT WARNING * * *
A bat comes into view.
The helpless bat fails to defend itself.
You hit the bat.
You kill the bat!
The goblin hits you with a dagger.
You die...

...... ..... ....
... #'# ###
#(#######.#
#....g....# #+#
#########g# #†#
#g# #@# .. #####.#
#g# .
#.....######g# .#
#####.......gg.g.#
.## ##
.................#
..# ######.
######..........##
#.###...#.≈ #
#..........#
##.##(≈##≈≈P #
#..........#
#..##..P.... #
#..........#
##....P......


You could see 2 hobgoblins and a goblin.

Vanquished Creatures
  3 hobgoblins (D:1)
  2 jackals (D:1)
  A kobold (D:1)
  3 bats (D:1)
  A rat (D:1)
10 creatures vanquished.

Notes
Turn   | Place    | Note
-------+----------+-------------------------------------------
     0 | D:1      | Lazav66 the Octopode Fighter began the quest for the Orb.
     0 | D:1      | Reached XP level 1. HP: 16/16 MP: 1/1
   171 | D:1      | Reached XP level 2. HP: 21/21 MP: 2/2
   217 | D:1      | HP: 1/21 [hobgoblin/tomahawk (5)]
   239 | D:1      | Slain by a goblin

Vault maps used:
D:1:      lemuel_arrival_muddy, supply_closet_lemuel, wad_floor_pattern_2,
          serial_bayou_ford_a

Action                   || total
-------------------------++-------
Melee: Long sword        ||    16
       Tentacles         ||     6
       Constrict         ||     4
 Stab: Sleeping          ||     1
Dodge: Dodged            ||     6
Block: Shield            ||     7
       Rpst.: Long sword ||     2

Table legend:
 A = Spawn XP
 B = Non-spawn XP
 C = Spawn XP percentage of total XP
 D = Spawn monster count
 E = Non-spawn monster count
 F = Spawn count percentage of total count
 G = Total turns spent on level
                    A         B        C        D         E        F      G
               +---------+---------+-------+---------+---------+-------+---------
         Total |       0 |      16 |   0.0 |       0 |      10 |   0.0 |   239
               +---------+---------+-------+---------+---------+-------+---------
           D:1 |       0 |      16 |   0.0 |       0 |      10 |   0.0 |   239
               +---------+---------+-------+---------+---------+-------+---------
